 Dungeon Crawl Stone Soup version 0.17-a0-1446-gc28613e (webtiles) character file.

926 patman the Basher (level 8, -8/63 HPs)
             Began as a Ghoul Berserker on June 28, 2015.
             Was a Priest of Trog.
             Mangled by a troll (10 damage)
             ... on level 7 of the Dungeon.
             The game lasted 00:12:37 (2081 turns).

patman the Basher (Ghoul Berserker)                 Turns: 2081, Time: 00:12:37

Health: -8/63      AC: 12    Str: 20    XL:     8   Next: 10%
Magic:  6/7        EV:  6    Int:  5    God:    Trog [***...]
Gold:   154        SH:  0    Dex:  8    Spells: 0 memorised, 7 levels left

rFire  x . .     SeeInvis .     a - +0 flail
rCold  + + .     Clarity  .     n - +0 plate armour
rNeg   + + +     SustAt   .     (no shield)
rPois  ∞         Gourm    .     (no helmet)
rElec  .         Spirit   .     (no cloak)
rCorr  .         Warding  .     x - +0 pair of gloves
rMut   .         Stasis   .     r - +0 pair of boots
MR     .....                    (no amulet)
Stlth  ..........               F - ring of ice
                                i - ring of invisibility

@: very slightly contaminated, rotting, invisible (expiring), not resistant to
hostile enchantments, extremely unstealthy
A: rotting body, claws 1, carnivore 3, cold resistance 1, negative energy
resistance 3, slow healing 1, torment resistance, unbreathing
a: Burn Spellbooks, Trog's Hand, Renounce Religion, Turn Visible


You were on level 7 of the Dungeon.
You worshipped Trog.
Trog was most pleased with you.
You were not hungry.

You visited 1 branch of the dungeon, and saw 7 of its levels.

You collected 154 gold pieces.

Inventory:

Hand weapons
 a - a +0 flail (weapon)
 b - a +0 great mace
 m - a +1 dagger of venom
Missiles
 d - 53 stones (quivered)
Armour
 n - a +0 plate armour (worn)
 r - a +0 pair of boots (worn)
 x - a +0 pair of gloves (worn)
 B - a +0 buckler
Jewellery
 i - a ring of invisibility (left hand)
 F - a ring of ice (right hand)
Magical devices
 p - a wand of lightning (0)
 y - a wand of confusion (26)
Scrolls
 f - a scroll of blinking {unknown}
 h - a scroll of recharging
 j - 4 scrolls of remove curse
 l - a scroll of enchant weapon {unknown}
 u - a scroll of magic mapping {unknown}
 w - a scroll of enchant armour {unknown}
 D - a scroll of amnesia {unknown}
Potions
 e - a potion of degeneration {unknown}
 k - a potion of curing {unknown}
 o - 2 potions of poison {unknown}
 q - 5 potions of might {unknown}
 t - a potion of brilliance {unknown}
 z - a potion of heal wounds {unknown}
 A - a potion of cancellation {unknown}
 C - a potion of resistance {unknown}
 E - a potion of lignification {unknown}
Books
 g - a Fen Folio

   Spells                             Type                      Level
   a - Corpse Rot                     Necromancy                   2
   b - Stone Arrow                    Conjuration/Earth            3
   c - Leda's Liquefaction            Hexes/Earth                  4
   d - Summon Forest                  Summoning/Translocation      5
   e - Hydra Form                     Transmutation                6
   f - Summon Hydra                   Summoning                    7
   Trog disapproves of the use of such an item.
Comestibles
 c - 2 meat rations
 s - 2 beef jerkies
 v - a slice of pizza
 G - 2 chunks of flesh


   Skills:
 - Level 3.2 Fighting
 + Level 8.7 Maces & Flails
 - Level 1.7 Armour
 - Level 1.7 Dodging


You had 7 spell levels left.
You didn't know any spells.

Dungeon Overview and Level Annotations

Branches:
Dungeon (7/15)             Temple (0/1) D:5

Altars:
Dithmenos
Ru

Annotations:
D:6 Grinder


Innate Abilities, Weirdness & Mutations

Your body is rotting away.
You thrive on raw meat.
You are immune to poison.
You have sharp fingernails.
You are carnivorous and can eat meat at any time.
Your flesh is cold resistant.
You are immune to negative energy.
You heal slowly when monsters are visible.
You are immune to unholy pain and torment.
You can survive without breathing.


Message History

The troll claws you but does no damage. x2
The orc hits you but does no damage. The rat bites you but does no damage.
Unknown command.
You strike the helpless troll from behind!
You hit the troll.
The troll is severely wounded.
The water moccasin zombie barely misses you.
The orc hits you but does no damage.
Unknown command.
You closely miss the troll.
The troll is severely wounded.
The water moccasin zombie bites you.
* * * LOW HITPOINT WARNING * * *
The orc closely misses you. The rat barely misses you.
Unknown command.
You miss the troll.
The troll is severely wounded.
You flicker for a moment.
The troll bites you!
You die...

## ##....r## ###.#
##...## #.# ##'## #Z#
#.######## #.#
#........# #.#
##.....##.####.#
##..............#
########.......##o######
........#......Z@.#
#######.#......rT.#
#...........#
######...#### #...#
#...# #####


You could see a troll, an orc, a water moccasin zombie and a rat.

Vanquished Creatures
  3 giant frogs
  5 killer bees (D:7)
  A giant frog zombie (D:5)
  A centaur skeleton (D:4)
  3 orc priests
  A giant frog skeleton (D:4)
  3 hounds
  A worker ant (D:4)
  An iguana (D:7)
  3 orc wizards (D:4)
  An adder (D:4)
  A shadow imp (D:7)
  An ooze (D:5)
  A worm (D:3)
  4 giant geckos
  13 orcs
  A bat skeleton (D:4)
  5 hobgoblins
  A ball python (D:2)
  6 bats
  2 giant newts
  5 goblins
  7 jackals
  7 kobolds
  A quokka zombie (D:5)
  8 rats
86 creatures vanquished.

Notes
Turn   | Place    | Note
--------------------------------------------------------------
     0 | D:1      | patman the Ghoul Berserker began the quest for the Orb.
     0 | D:1      | Reached XP level 1. HP: 19/19 MP: 0/0
   207 | D:2      | Found a sacrificial altar of Ru.
   262 | D:2      | Reached XP level 2. HP: 20/26 MP: 1/1
   499 | D:3      | Reached XP level 3. HP: 21/31 MP: 2/2
   533 | D:3      | Acquired Trog's second power
   655 | D:3      | Reached skill level 4 in Maces & Flails
   672 | D:4      | Noticed a giant frog
   681 | D:4      | Killed a giant frog
   681 | D:4      | Reached XP level 4. HP: 25/38 MP: 3/3
   725 | D:5      | Entered Level 5 of the Dungeon
   725 | D:5      | Noticed an ogre
   730 | D:5      | Noticed an ogre
   744 | D:4      | Reached skill level 5 in Maces & Flails
   744 | D:4      | Reached XP level 5. HP: 30/45 MP: 4/4
   928 | D:4      | Reached skill level 6 in Maces & Flails
   928 | D:4      | Reached XP level 6. HP: 41/51 MP: 5/5
  1183 | D:4      | Found a shadowy altar of Dithmenos.
  1338 | D:5      | Found a staircase to the Ecumenical Temple.
  1368 | D:5      | Reached XP level 7. HP: 50/57 MP: 6/6
  1379 | D:5      | Reached skill level 7 in Maces & Flails
  1671 | D:6      | Noticed Grinder
  1752 | D:7      | Reached skill level 8 in Maces & Flails
  1838 | D:7      | HP: 1/57 [killer bee (5)]
  1860 | D:7      | HP: 2/57 [killer bee (1)]
  1861 | D:7      | Reached XP level 8. HP: 2/63 MP: 7/7
  1883 | D:7      | Noticed a troll
  1893 | D:7      | HP: 3/63 [troll (2)]
  2078 | D:7      | HP: 3/63 [troll (4)]
  2080 | D:7      | HP: 1/63 [water moccasin zombie (2)]
  2081 | D:7      | Mangled by a troll

Vault maps used:
D:1:      elethiomel_arrival_infinity_welcomes_careful_drivers,
          minmay_stone_trees_medium
D:2:      amethyst_overflow_temple_binary, first_bread, nicolae_ru_path_of_blood
D:4:      old_standard_altar
D:5:      minmay_temple_entry_statues_pillars
D:6:      uniq_grinder
D:7:      led_sif_pool, uniq_joseph

Action                   |  1- 3 |  4- 6 |  7- 9 || total
-------------------------+-------+-------+-------++-------
Melee: Mace              |   111 |       |       ||   111
       Flail             |    20 |   125 |   107 ||   252
       Great mace        |       |    20 |       ||    20
Invok: Trog's Hand       |       |       |     2 ||     2
 Abil: Evoke Invisibilit |       |       |     1 ||     1
Evoke: Wand              |       |       |    11 ||    11
  Use: Scroll            |     1 |     1 |     3 ||     5
 Stab: Invisible         |       |       |     1 ||     1
  Eat: Chunk             |    10 |    16 |    19 ||    45
